 Dungeon Crawl Stone Soup version 0.24.0-1-gfbc8707122 (webtiles) character file.

Game seed: 17496144319704838093, levelgen mode: deterministic

46 iamserjio the Ducker (level 3, 0/26 HPs)
             Began as an Octopode Chaos Knight on Oct 28, 2019.
             Was a Plaything of Xom.
             Slain by an ufetubus (3 damage)
             ... summoned by Xom
             ... on level 2 of the Dungeon.
             The game lasted 00:01:18 (1768 turns).

iamserjio the Ducker (Octopode Chaos Knight)        Turns: 1768, Time: 00:01:19

Health: 0/26       AC:  1    Str: 11      XL:     3   Next: 68%
Magic:  3/3        EV: 14    Int: 14      God:    Xom [......]
Gold:   70         SH:  0    Dex: 11 (12) Spells: 2/2 levels left

rFire    . . .     SeeInvis .   a - +0 short sword (chaos)
rCold    . . .     Gourm    .   (no shield)
rNeg     . . .     Faith    .   (helmet restricted)
rPois    .         Spirit   .   (no amulet)
rElec    .         Reflect  .   (no ring)
rCorr    .         Harm     .   (no ring)
MR       .....                  (no ring)
Stlth    ++........             (no ring)
HPRegen  0.08/turn              (no ring)
MPRegen  0.08/turn              (no ring)
                                (no ring)
                                (no ring)

@: no status effects
A: almost no armour, stealthy swim, amphibious, 8 rings, constrict 8, camouflage
1, gelatinous body 1
a: Renounce Religion


You were on level 2 of the Dungeon.
You worshipped Xom.
You were a very special plaything of Xom.
You were not hungry.

You visited 1 branch of the dungeon, and saw 2 of its levels.

You collected 70 gold pieces.

Inventory:

Hand Weapons
 a - a +0 short sword of chaos (weapon)
 k - a +0 spear
Missiles
 h - 55 arrows
 m - 11 poisoned darts (quivered)
Jewellery
 d - an uncursed amulet of harm {unknown}
 l - a cursed ring of attention {unknown}
Scrolls
 c - a scroll of blinking {unknown}
 e - a scroll of fear {unknown}
 i - a scroll of identify {unknown}
Potions
 f - 3 potions of resistance {unknown}
 g - 2 potions of curing {unknown}
Comestibles
 b - 4 rations


   Skills:
 + Level 3.5 Fighting
 - Level 3.0 Short Blades
 * Level 3.6 Dodging


You had 2 spell levels left.
You didn't know any spells.
Your spell library was empty.

Dungeon Overview and Level Annotations

Branches:
Dungeon (2/15)

Altars:
Ashenzari
Cheibriados
Elyvilon


Innate Abilities, Weirdness & Mutations

You cannot wear most types of armour.
You are very stealthy in the water. (Stealth+)
You are amphibious.
You can wear up to eight rings at the same time.
You can use your tentacles to constrict eight enemies at once.
Your skin changes colour to match your surroundings (Stealth+).
Your rubbery body absorbs attacks. (AC +1, EV +1)


Message History

You constrict the ufetubus, but do no damage.
The ufetubus misses you. x2
You release your grip on the ufetubus.
The ufetubus barely misses you. The ufetubus closely misses you.
The ufetubus hits you. The ufetubus closely misses you.
The ufetubus closely misses you. x2
The ufetubus hits you. The ufetubus misses you.
You see here a +0 short sword.
The ufetubus hits you. x2
The ufetubus misses you. The ufetubus completely misses you.
The ufetubus barely misses you. x2
The ufetubus closely misses you. The ufetubus misses you.
The ufetubus hits you but does no damage.
The ufetubus hits you.
* * * LOW HITPOINT WARNING * * *
The ufetubus hits you.
* * * LOW HITPOINT WARNING * * *
The ufetubus hits you.
You die... "I guess I need a new plaything now."

#...#........#⌠..#+##.⌠....#
##...#........#.........#....
#....#.....#####.......#####.
#...##.....#...#.......#...#.
#...##.....#...+..._...'...#.
#..........#...#÷......#...#.
#......##..###.#.......#####.
#......###.5..#.........#....
#......# ###@.#⌠.##+##.⌠.....
#####......# #..####...####.#..
....#).....# ##.....#...#.......
...........####..#)......#...####
.....................#####.+.....
.......##..................+.....
####...##..........###+.#.##.....
######..........# #..#.##<#'##
#..........# #.#.....#.#


You could see an ufetubus.

Vanquished Creatures
  An adder (D:2)
  A worm (D:1)
  A dart slug (D:1)
  2 leopard geckos (D:1)
  7 goblins
  4 hobgoblins
  3 kobolds
  4 bats
  2 frilled lizards (D:2)
  4 rats
29 creatures vanquished.

Notes
Turn   | Place    | Note
-------+----------+-------------------------------------------
     0 | D:1      | iamserjio the Octopode Chaos Knight began the quest for the
                  | Orb.
     0 | D:1      | Reached XP level 1. HP: 16/16 MP: 1/1
    12 | D:1      | XOM: harmless Erth miscast
   126 | D:1      | Reached XP level 2. HP: 10/21 MP: 2/2
   707 | D:1      | XOM: mild Conj miscast
   760 | D:1      | XOM: summons 1 hostile shadow creature
   802 | D:1      | XOM: smoke on damage
   803 | D:1      | Reached XP level 3. HP: 20/26 MP: 3/3
  1229 | D:2      | Found a shattered altar of Ashenzari.
  1477 | D:2      | XOM: stat loss: -1 Dex (11/12)
  1576 | D:2      | Found a white marble altar of Elyvilon.
  1585 | D:2      | Found a snail-covered altar of Cheibriados.
  1746 | D:2      | XOM: summons 1 hostile demon
  1768 | D:2      | Slain by an ufetubus

Levels and vault maps discovered:
D:1:      evilmike_arrival_run_for_it, layout_rooms
D:2:      layout_basic, evilmike_ruin_ashenzari,
          amethyst_overflow_temple_binary, first_ration

Skill      XL: |  1  2 |
---------------+-------+-----
Dodging        | 3 |  3.6
Fighting       | |  3.5
Short Blades   | |  3.0

Action                   || total
-------------------------++-------
Melee: Short sword       ||    67
       Constrict         ||    18
       Tentacles         ||    10
 Stab: Sleeping          ||     6
  Eat: Chunk             ||     3
Armor: Skin              ||     3
Dodge: Dodged            ||    50
